 Dungeon Crawl Stone Soup version 0.28-a0-1545-g945cd3f27e (webtiles) character file.

Game seed: 5438351927809802837

239 BritishOli the Chopper (level 5, -2/41 HPs)
             Began as a Demonspawn Gladiator on Jan 18, 2022.
             Slain by a lemure (3 damage)
             ... led by Pikel
             ... on level 5 of the Dungeon.
             The game lasted 00:03:58 (3929 turns).

BritishOli the Chopper (Demonspawn Gladiator)       Turns: 3929, Time: 00:03:59

Health: -2/41      AC:  7    Str: 17    XL:     5   Next: 79%
Magic:  5/5        EV: 13    Int:  9    God:
Gold:   160        SH:  0    Dex: 14    Spells: 4/4 levels left

rFire   . . .      SeeInvis .   a - +0 war axe
rCold   . . .      Faith    .   (no shield)
rNeg    . . .      Spirit   .   b - +0 leather armour
rPois   .          Reflect  .   c - +0 helmet
rElec   .          Harm     .   e - +0 cloak
rCorr   .          Rampage  .   (no gloves)
Will    .....                   (no boots)
Stlth   +.........              (no amulet)
HPRegen 0.13/turn               (no ring)
MPRegen 0.09/turn               (no ring)

@: no status effects
A: icy blue scales 1, weakness stinger 1
a: no special abilities


You were on level 5 of the Dungeon.
You visited 1 branch of the dungeon, and saw 6 of its levels.

You collected 160 gold pieces.

Inventory:

Hand Weapons
 a - a +0 war axe (weapon)
Missiles
 d - 3 throwing nets (quivered)
 k - 4 javelins
Armour
 b - a +0 leather armour (worn)
 c - a +0 helmet (worn)
 e - a +0 cloak (worn)
Wands
 m - a wand of iceblast (7)
Scrolls
 f - a scroll of magic mapping {unknown}
 g - a scroll of immolation
 l - a scroll of identify {unknown}
 o - a scroll of amnesia {unknown}
 p - a scroll of teleportation {unknown}
Potions
 h - a potion of might {unknown}
 i - a potion of brilliance {unknown}
 j - a potion of ambrosia {unknown}
 n - 2 potions of attraction {unknown}


   Skills:
 + Level 3.4 Fighting
 + Level 3.8 Axes
 - Level 1.7 Throwing
 + Level 2.2 Armour
 + Level 3.8 Dodging


You had 4 spell levels left.
You didn't know any spells.
Your spell library contained the following spells:

 Spells                   Type           Power      Damage    Failure   Level
 Apportation              Tloc           0%         N/A       43%         1
 Alistair's Intoxication  Tmut/Pois      0%         N/A       100%        5


Dungeon Overview and Level Annotations

Branches:
Dungeon (6/15)
 Temple: D:4-7

Altars:
Elyvilon
Nemelex Xobeh

Annotations:
D:5 Pikel


Innate Abilities, Weirdness & Mutations

You are partially covered in icy blue scales. (AC +2)
You have a small tail.


Message History

The hound barks!
The lemure closely misses you. Pikel misses you.
You climb upwards.
There is a stone staircase leading down here.
The lemure hits you.
Pikel hits you with a +0 whip of flaming.
Pikel burns you.
You climb downwards.
The hound bites you but does no damage. The hound misses you.
There is a stone staircase leading up here.
The adder hisses angrily.
The hound bites you. The lemure hits you but does no damage.
Pikel closely misses you. The hound bites you but does no damage.
You climb upwards.
There is a stone staircase leading down here.
You hit the lemure.
Your tail-slap misses the lemure.
The lemure is moderately wounded.
You hit Pikel. The lemure hits you.
Pikel hits you with a +0 whip of flaming.
* * * LOW HITPOINT WARNING * * *
Pikel burns you.
* * * LOW HITPOINT WARNING * * *
The lemure closely misses you.
You hit the lemure.
Your tail-slap misses the lemure.
The lemure is heavily wounded.
You slash Pikel! Pikel barely misses you. The lemure closely misses you.
You hit the lemure.
The lemure is heavily wounded.
You closely miss Pikel.
Pikel hits you with a +0 whip of flaming.
* * * LOW HITPOINT WARNING * * *
Pikel burns you.
* * * LOW HITPOINT WARNING * * *
The lemure hits you.
* * * LOW HITPOINT WARNING * * *
Pikel barely misses you.
As you read the scroll labelled QUIBLU SUUNLUEQYGG, it crumbles to dust.
The creatures around you are filled with an inner flame!
It was a scroll of immolation.
The lemure hits you.
You die...

### #.##
#..# ##.#
#.# ### #.#
....<#.##
.......[h##
........#K##
...##..###@#
.. ...# ##5#
..##. .# .
#. PP #P P.#
≈.# ≈.P ≈≈.


You could see Pikel (inner flame), a lemure (inner flame) and a hound (inner
flame).

Vanquished Creatures
  A jelly (D:3)
  An orc priest (D:3)
  An orc wizard (D:3)
  A howler monkey skeleton (D:4)
  Robin (D:4)
  4 adders
  A dart slug (D:1)
  11 orcs (D:3)
  7 endoplasms
  6 giant cockroaches
  11 goblins
  9 hobgoblins
  5 kobolds
  3 quokkas
  4 ball pythons
  4 bats
  3 frilled lizards
  4 rats
77 creatures vanquished.

Vanquished Creatures (others)
  5 fungi (D:2)
  10 plants
15 creatures vanquished.

Grand Total: 92 creatures vanquished

Notes
Turn   | Place    | Note
-------+----------+-------------------------------------------
     0 | D:1      | BritishOli the Demonspawn Gladiator began the quest for the
                  | Orb.
     0 | D:1      | Reached XP level 1. HP: 16/16 MP: 1/1
   397 | D:1      | Gained mutation: You have a small tail. [demonic ancestry]
   397 | D:1      | Reached XP level 2. HP: 14/22 MP: 2/2
  1052 | D:2      | Reached skill level 1 in Armour
  1052 | D:2      | Reached XP level 3. HP: 14/28 MP: 3/3
  1484 | D:2      | Found a faded altar of an unknown god.
  2286 | D:3      | Gained mutation: You are partially covered in icy blue
                  | scales. (AC +2) [demonic ancestry]
  2286 | D:3      | Reached XP level 4. HP: 25/34 MP: 4/4
  2594 | D:3      | Reached XP level 5. HP: 21/41 MP: 5/5
  3426 | D:3      | Found a sparkling altar of Nemelex Xobeh.
  3634 | D:4      | Noticed Robin
  3653 | D:4      | Killed Robin
  3891 | D:4      | Noticed a lemure
  3892 | D:4      | Noticed Pikel
  3892 | D:4      | Noticed a lemure
  3892 | D:4      | Noticed a lemure
  3893 | D:4      | Noticed a lemure
  3898 | D:5      | Entered Level 5 of the Dungeon
  3928 | D:5      | HP: 2/41 [Pikel (2)]
  3929 | D:5      | Slain by a lemure

Illustrated notes

Levels and vault maps discovered:
D:1:      minmay_arrival_radiant_lines, layout_loops_cross
D:2:      layout_loops_corners, shapermc_ecumenical_altar_mp_ritualfount,
          basic_altar
D:3:      layout_basic, nemelex_dance_club_becter
D:4:      layout_gridville, nicolae_inconvenience_store, uniq_robin, uniq_pikel
D:5:      layout_loops_ring, serial_bayou_lagoon_a, uniq_eustachio,
          uniq_menkaure, uniq_edmund
D:6:      layout_rooms, minmay_manual_mares

Skill      XL: |  1  2  3  4  5 |
---------------+----------------+-----
Axes           | 3 |  3.8
Dodging        | 3 |  3.8
Armour         | 1 2 |  2.2
Fighting       | 3 |  3.4
Throwing       | |  1.7

Action                   |  1- 3 |  4- 6 || total
-------------------------+-------+-------++-------
Melee: War axe           |   100 |    82 ||   182
       Tailslap          |    10 |     8 ||    18
       Punch             |     1 |       ||     1
  Use: Scroll            |       |     1 ||     1
 Stab: Sleeping          |     4 |     1 ||     5
Armor: Leather armour    |    45 |    53 ||    98
Dodge: Dodged            |    89 |    87 ||   176

Table legend: (Time is in decaauts)
 A = Elapsed time spent in this place.
 B = Non-inter-level travel time spent in this place.
 C = Inter-level travel time spent in this place.
 D = Time resting spent in this place.
 E = Time spent auto-exploring this place.
 F = Levels seen in this place.
 G = Mean time per level.
                   A        B        C        D        E       F      G
               +--------+--------+--------+--------+--------+-----+--------+
         Total |   3992 |   3884 |    108 |    751 |   2641 |   6 |  665.3 |
       Dungeon |   3992 |   3884 |    108 |    751 |   2641 |   6 |  665.3 |
               +--------+--------+--------+--------+--------+-----+--------+

Top non-repeatable levels by time:
     D:3: 1382 daAuts
     D:2: 1343 daAuts
     D:1: 956 daAuts
     D:4: 276 daAuts
     D:5: 27 daAuts
     D:6: 6 daAuts
